 Dungeon Crawl Stone Soup version 0.27-a0-223-ge082b6e869 (webtiles) character file.

Game seed: 17328247574216841851

103 tsouns the Firebug (level 4, -1/24 HPs)
             Began as a Tengu Fire Elementalist on Feb 1, 2021.
             Was an Initiate of Sif Muna.
             Slain by a gnoll
             ... wielding a +0 spear
              (6 damage)
             ... on level 3 of the Dungeon.
             The game lasted 00:03:51 (2471 turns).

tsouns the Firebug (Tengu Fire Elementalist)        Turns: 2471, Time: 00:03:52

Health: -1/24      AC:  2    Str:  8    XL:     4   Next: 79%
Magic:  2/9        EV: 12    Int: 17    God:    Sif Muna [......]
Gold:   102        SH:  3    Dex: 14    Spells: 5/9 levels left

rFire    . . .     SeeInvis .   e - +3 short sword
rCold    . . .     Faith    .   r - +0 buckler
rNeg     . . .     Spirit   .   a - +0 robe
rPois    +         Reflect  .   (helmet restricted)
rElec    .         Harm     .   s - scarf {+Inv}
rCorr    .         Rampage  .   (no gloves)
Will     .....                  (boots unavailable)
Stlth    ++........             (no amulet)
HPRegen  0.08/turn              l - ring of poison resistance
MPRegen  0.11/turn              p - ring of flight

@: no status effects
A: beak, talons 3
a: Renounce Religion, Evoke Invisibility, Evoke Flight


You were on level 3 of the Dungeon.
You worshipped Sif Muna.
Sif Muna was noncommittal.
You visited 1 branch of the dungeon, and saw 3 of its levels.

You collected 102 gold pieces.

Inventory:

Hand Weapons
 b - a +0 short sword
 e - a +3 short sword (weapon)
Armour
 a - a +0 robe (worn)
 m - a +0 cloak
 r - a +0 buckler (worn)
 s - a scarf of invisibility (worn)
Jewellery
 l - a ring of poison resistance (left hand)
 p - a ring of flight (right hand)
Wands
 t - a wand of mindburst (17)
Scrolls
 c - a scroll of blinking {unknown}
 g - a scroll of identify {unknown}
 j - a scroll of remove curse {unknown}
 k - a scroll of immolation {unknown}
Potions
 d - a potion of brilliance {unknown}
 f - a potion of degeneration {unknown}
 h - a potion of lignification {unknown}
 i - a potion of heal wounds {unknown}
 n - a potion of curing {unknown}
 o - a potion of haste {unknown}
 q - a potion of magic {unknown}


   Skills:
 - Level 2.1 Dodging
 - Level 2.0 Stealth
 + Level 0.5 Shields
 + Level 3.0 Spellcasting
 + Level 3.4 Conjurations
 + Level 4.2 Fire Magic


You had 5 spell levels left.
You knew the following spells:

 Your Spells              Type           Power        Failure   Level
a - Foxfire               Conj/Fire      60%          5%          1
b - Conjure Flame         Conj/Fire      15%          17%         3

Your spell library contained the following spells:

 Spells                   Type           Power        Failure   Level
 Inner Flame              Hex/Fire       9%           34%         3
 Sticky Flame             Conj/Fire      15%          50%         4
 Fireball                 Conj/Fire      7%           83%         5


Dungeon Overview and Level Annotations

Branches:
Dungeon (3/15)

Altars:
Elyvilon
Sif Muna


Innate Abilities, Weirdness & Mutations

You have a beak for a mouth.
You have claws for feet.


Message History

The gnoll is heavily wounded.
Casting: Foxfire (safe; 5% risk of failure)
Confirm with . or Enter, or press ? or * to list all spells.
You conjure some foxfire!
You block the gnoll's attack.
Unknown command.
Your foxfire dissipates!
The foxfire hits the gnoll.
The gnoll is severely wounded.
Casting: Foxfire (safe; 5% risk of failure)
Confirm with . or Enter, or press ? or * to list all spells.
You conjure some foxfire!
The gnoll closely misses you.
Unknown command.
Your foxfire dissipates!
The foxfire hits the gnoll.
The gnoll is severely wounded.
Casting: Foxfire (safe; 5% risk of failure)
Confirm with . or Enter, or press ? or * to list all spells.
You conjure some foxfire!
The gnoll hits you from afar with a +0 spear.
You die...

#.##.###.###########
#.##.# #.#
#.##.###.#
#.##.....#
#.######.# #.# #.#
#.# ### #.######
#..g.@v# ######v#
#.##.# #.##.# #.##.#
#....# ######


You could see a gnoll.

Vanquished Creatures
  A hound skeleton (D:2)
  2 gnolls (D:3)
  An adder (D:2)
  An ooze (D:2)
  An adder skeleton (D:2)
  2 worms
  3 dart slugs
  A leopard gecko (D:1)
  An orc (D:3)
  A giant cockroach (D:3)
  3 goblins
  9 hobgoblins
  A kobold (D:1)
  A quokka (D:2)
  3 bats
  6 frilled lizards (D:1)
  A jackal zombie (D:2)
  A leopard gecko skeleton (D:2)
  A quokka skeleton (D:2)
  5 rats
45 creatures vanquished.

Vanquished Creatures (others)
  134 foxfires
134 creatures vanquished.

Grand Total: 179 creatures vanquished

Notes
Turn   | Place    | Note
-------+----------+-------------------------------------------
     0 | D:1      | tsouns the Tengu Fire Elementalist began the quest for the
                  | Orb.
     0 | D:1      | Reached XP level 1. HP: 10/10 MP: 4/4
   356 | D:1      | Reached XP level 2. HP: 10/15 MP: 0/6
   882 | D:1      | Reached XP level 3. HP: 11/19 MP: 1/7
  1365 | D:2      | Found a shimmering blue altar of Sif Muna.
  1378 | D:2      | Became a worshipper of Sif Muna the Loreminder
  1703 | D:2      | Reached skill level 4 in Fire Magic
  1751 | D:2      | Learned a level 3 spell: Conjure Flame
  1782 | D:2      | Reached XP level 4. HP: 21/24 MP: 4/9
  2069 | D:2      | Found a white marble altar of Elyvilon.
  2471 | D:3      | Slain by a gnoll

Illustrated notes

Levels and vault maps discovered:
D:1:      giann_bridges, layout_basic
D:2:      layout_basic, lemuel_coloured_pillars_altar, serial_undead,
          serial_undead_d, serial_undead_c, serial_undead_e, serial_undead_f,
          lemuel_altar_in_water
D:3:      layout_basic

Skill      XL: |  1  2  3  4 |
---------------+-------------+-----
Conjurations   | 2 3 |  3.4
Fire Magic     | 4 |  4.2
Spellcasting   | 3 |  3.0
Dodging        | |  2.1
Stealth        | |  2.0
Shields        | |  0.5

Action                   |  1- 3 |  4- 6 || total
-------------------------+-------+-------++-------
Melee: Short sword       |    10 |     4 ||    14
       Kick              |     4 |     1 ||     5
       Peck              |     1 |     1 ||     2
 Cast: Foxfire           |    61 |    23 ||    84
 Stab: Sleeping          |     1 |     1 ||     2
Armor: Robe              |     3 |     1 ||     4
Dodge: Dodged            |     7 |     4 ||    11
Block: Buckler           |       |     2 ||     2

Table legend: (Time is in decaauts)
 A = Elapsed time spent in this place.
 B = Non-inter-level travel time spent in this place.
 C = Inter-level travel time spent in this place.
 D = Time resting spent in this place.
 E = Time spent auto-exploring this place.
 F = Levels seen in this place.
 G = Mean time per level.
                   A        B        C        D        E       F      G
               +--------+--------+--------+--------+--------+-----+--------+
         Total |   2470 |   2425 |     45 |      0 |   2052 |   3 |  823.3 |
       Dungeon |   2470 |   2425 |     45 |      0 |   2052 |   3 |  823.3 |
               +--------+--------+--------+--------+--------+-----+--------+

Top non-repeatable levels by time:
     D:1: 1347 daAuts
     D:2: 827 daAuts
     D:3: 295 daAuts
